Workbook

Sheet Состояние фин. дисциплины
A1: Наименование учреждения | B1: Общая оценка в баллах | C1: Наименование показателей оценки
C2: 1. Состояние финансовой дисциплины
C3: 1.1. Наличие выявленных при осуществлении мероприятий внутреннего муниципального финансового контроля нарушений бюджетного законодательства и законодательства в сфере закупок, допущенных муниципальными учреждениями, в т.ч. требующих возврата предоставленных средств и возмещение причиненного ущерба | F3: 1.2. Наличие факта неправомерного использования бюджетных средств (нецелевое, неэффективное и (или) необоснованное использование) | I3: 1.3. Нарушение порядка принятия бюджетных обязательств на закупку товаров, работ и услуг | L3: 1.4. Динамика выявленных органами внешнего государственного (муниципального) финансового контроля нарушений | O3: 1.5.Управление кредиторской задолженностью по расчетам с поставщиками и подрядчиками | R3: 1.6.Объем просроченной кредиторской задолженности
C4: оценка | D4: вес | E4: в баллах | F4: оценка | G4: вес | H4: в баллах | I4: оценка | J4: вес | K4: в баллах | L4: оценка | M4: вес | N4: в баллах | O4: оценка | P4: вес | Q4: в баллах | R4: оценка | S4: вес | T4: в баллах
A5: 1. МБУ СШОР № 2 г. Ростова-на-Дону | B5: =Q5+T5 -> 100 | C5: - | D5: - | E5: - | F5: - | G5: - | H5: - | I5: - | J5: - | K5: - | L5: - | M5: - | N5: - | O5: 1 | P5: 50 | Q5: =O5*P5 -> 50 | R5: 1 | S5: 50 | T5: =R5*S5 -> 50
A6: 2. МБУ «СШ № 11» | B6: =H6+N6+Q6+T6 -> 85 | C6: - | D6: - | E6: - | F6: 0 | G6: 15 | H6: =F6*G6 -> 0 | I6: - | J6: - | K6: - | L6: 1 | M6: 15 | N6: =L6*M6 -> 15 | O6: 1 | P6: 35 | Q6: =O6*P6 -> 35 | R6: 1 | S6: 35 | T6: =R6*S6 -> 35
A7: 3. МБУ «СШ № 12» | B7: =Q7+T7 -> 100 | C7: - | D7: - | E7: - | F7: - | G7: - | H7: - | I7: - | J7: - | K7: - | L7: - | M7: - | N7: - | O7: 1 | P7: 50 | Q7: =O7*P7 -> 50 | R7: 1 | S7: 50 | T7: =R7*S7 -> 50
A8: 4. МБУ «СШ №13 | B8: =H8+N8+Q8+T8 -> 100 | C8: - | D8: - | E8: - | F8: 1 | G8: 15 | H8: =F8*G8 -> 15 | I8: - | J8: - | K8: - | L8: 1 | M8: 15 | N8: =L8*M8 -> 15 | O8: 1 | P8: 35 | Q8: =O8*P8 -> 35 | R8: 1 | S8: 35 | T8: =R8*S8 -> 35
A9: 5. МБУ «Гребной канал «Дон» | B9: =H9+N9+Q9+T9 -> 85 | C9: - | D9: - | E9: - | F9: 0 | G9: 15 | H9: =F9*G9 -> 0 | I9: - | J9: - | K9: - | L9: 1 | M9: 15 | N9: =L9*M9 -> 15 | O9: 1 | P9: 35 | Q9: =O9*P9 -> 35 | R9: 1 | S9: 35 | T9: =R9*S9 -> 35
A10: 6. МБУ «СШ «Боевые перчатки» | B10: =Q10+T10 -> 100 | C10: - | D10: - | E10: - | F10: - | G10: - | H10: - | I10: - | J10: - | K10: - | L10: - | M10: - | N10: - | O10: 1 | P10: 50 | Q10: =O10*P10 -> 50 | R10: 1 | S10: 50 | T10: =R10*S10 -> 50
A11: 7. МБУ «ЦФКС» | B11: =H11+N11+Q11+T11 -> 85 | C11: - | D11: - | E11: - | F11: 0 | G11: 15 | H11: =F11*G11 -> 0 | I11: - | J11: - | K11: - | L11: 1 | M11: 15 | N11: =L11*M11 -> 15 | O11: 1 | P11: 35 | Q11: =O11*P11 -> 35 | R11: 1 | S11: 35 | T11: =R11*S11 -> 35
A12: Средняя оценка деятельности муниципальных учреждений: | B12: =SUM(B5:B11)/7 -> 93.571429 | E12: =SUM(E5:E11)/7 -> 0 | H12: =SUM(H5:H11)/7 -> 2.1428571 | K12: =SUM(K5:K11)/7 -> 0 | N12: =SUM(N5:N11)/7 -> 8.5714286 | Q12: =SUM(Q5:Q11)/7 -> 41.428571 | T12: =SUM(T5:T11)/7 -> 41.428571

Sheet Качество ПФХД
A1: Наименование учреждения | B1: Общая оценка в баллах | C1: Наименование показателей оценки
C2: 2. Качество плана финансово-хозяйственной деятельности
C3: 2.1. Соответствие плана финансово-хозяйственной деятельности утвержденной форме. | F3: 2.2. Наличие расчетов и обоснований к плану финансово-хозяйственной деятельности по установленной форме. | I3: 2.3. Качество планирования расходов: количество изменений внесенных в ПФХД по инициативе муниципального учреждения
C4: оценка | D4: вес | E4: в баллах | F4: оценка | G4: вес | H4: в баллах | I4: оценка | J4: вес | K4: в баллах
A5: 1. МБУ СШОР № 2 г. Ростова-на-Дону | B5: =E5+H5+K5 -> 60 | C5: 1 | D5: 30 | E5: =C5*D5 -> 30 | F5: 1 | G5: 30 | H5: =F5*G5 -> 30 | I5: 0 | J5: 40 | K5: =I5*J5 -> 0
A6: 2. МБУ «СШ № 11» | B6: =E6+H6+K6 -> 60 | C6: 1 | D6: 30 | E6: =C6*D6 -> 30 | F6: 1 | G6: 30 | H6: =F6*G6 -> 30 | I6: 0 | J6: 40 | K6: =I6*J6 -> 0
A7: 3. МБУ «СШ № 12» | B7: =E7+H7+K7 -> 85 | C7: 1 | D7: 30 | E7: =C7*D7 -> 30 | F7: 0.5 | G7: 30 | H7: =F7*G7 -> 15 | I7: 1 | J7: 40 | K7: =I7*J7 -> 40
A8: 4. МБУ «СШ №13 | B8: =E8+H8+K8 -> 100 | C8: 1 | D8: 30 | E8: =C8*D8 -> 30 | F8: 1 | G8: 30 | H8: =F8*G8 -> 30 | I8: 1 | J8: 40 | K8: =I8*J8 -> 40
A9: 5. МБУ «Гребной канал «Дон» | B9: =E9+H9+K9 -> 30 | C9: 1 | D9: 30 | E9: =C9*D9 -> 30 | F9: 0 | G9: 30 | H9: =F9*G9 -> 0 | I9: 0 | J9: 40 | K9: =I9*J9 -> 0
A10: 6. МБУ «СШ «Боевые перчатки» | B10: =E10+H10+K10 -> 100 | C10: 1 | D10: 30 | E10: =C10*D10 -> 30 | F10: 1 | G10: 30 | H10: =F10*G10 -> 30 | I10: 1 | J10: 40 | K10: =I10*J10 -> 40
A11: 7. МБУ «ЦФКС» | B11: =E11+H11+K11 -> 45 | C11: 1 | D11: 30 | E11: =C11*D11 -> 30 | F11: 0.5 | G11: 30 | H11: =F11*G11 -> 15 | I11: 0 | J11: 40 | K11: =I11*J11 -> 0
A12: Средняя оценка деятельности муниципальных учреждений: | B12: =SUM(B5:B11)/7 -> 68.571429 | E12: =SUM(E5:E11)/7 -> 30 | H12: =SUM(H5:H11)/7 -> 21.428571 | K12: =SUM(K5:K11)/7 -> 17.142857

Sheet Степень выполнения ПФХД
A1: Наименование учреждения | B1: Общая оценка в баллах | C1: Наименование показателей оценки
C2: 3. Степень выполнения плана финансово-хозяйственной деятельности
C3: 3.1.Удельный вес неисполненных средств субсидии в общем объеме расходов муниципального учреждения, исполненных в отчетном финансовом году | F3: 3.2. Равномерность расходов в отчетном финансовом году | I3: 3.3.Исполнение утвержденных показателей кассового плана | L3: 3.4. Динамика объема доходов, полученных муниципальными учреждениями, от предпринимательской и иной приносящей доход деятельности
C4: оценка | D4: вес | E4: в баллах | F4: оценка | G4: вес | H4: в баллах | I4: оценка | J4: вес | K4: в баллах | L4: оценка | M4: вес | N4: в баллах
A5: 1. МБУ СШОР № 2 г. Ростова-на-Дону | B5: =E5+H5+K5+N5 -> 99.75 | C5: 1 | D5: 25 | E5: =C5*D5 -> 25 | F5: 0.99 | G5: 25 | H5: =F5*G5 -> 24.75 | I5: 1 | J5: 25 | K5: =I5*J5 -> 25 | L5: 1 | M5: 25 | N5: =L5*M5 -> 25
A6: 2. МБУ «СШ № 11» | B6: =E6+H6+K6+N6 -> 100 | C6: 1 | D6: 25 | E6: =C6*D6 -> 25 | F6: 1 | G6: 25 | H6: =F6*G6 -> 25 | I6: 1 | J6: 25 | K6: =I6*J6 -> 25 | L6: 1 | M6: 25 | N6: =L6*M6 -> 25
A7: 3. МБУ «СШ № 12» | B7: =E7+H7+K7+N7 -> 97.25 | C7: 1 | D7: 25 | E7: =C7*D7 -> 25 | F7: 0.89 | G7: 25 | H7: =F7*G7 -> 22.25 | I7: 1 | J7: 25 | K7: =I7*J7 -> 25 | L7: 1 | M7: 25 | N7: =L7*M7 -> 25
A8: 4. МБУ «СШ №13 | B8: =E8+H8+K8+N8 -> 100 | C8: 1 | D8: 25 | E8: =C8*D8 -> 25 | F8: 1 | G8: 25 | H8: =F8*G8 -> 25 | I8: 1 | J8: 25 | K8: =I8*J8 -> 25 | L8: 1 | M8: 25 | N8: =L8*M8 -> 25
A9: 5. МБУ «Гребной канал «Дон» | B9: =E9+H9+K9+N9 -> 100 | C9: 1 | D9: 25 | E9: =C9*D9 -> 25 | F9: 1 | G9: 25 | H9: =F9*G9 -> 25 | I9: 1 | J9: 25 | K9: =I9*J9 -> 25 | L9: 1 | M9: 25 | N9: =L9*M9 -> 25
A10: 6. МБУ «СШ «Боевые перчатки» | B10: =E10+H10+K10+N10 -> 100 | C10: 1 | D10: 25 | E10: =C10*D10 -> 25 | F10: 1 | G10: 25 | H10: =F10*G10 -> 25 | I10: 1 | J10: 25 | K10: =I10*J10 -> 25 | L10: 1 | M10: 25 | N10: =L10*M10 -> 25
A11: 7. МБУ «ЦФКС» | B11: =E11+H11+K11+N11 -> 98.75 | C11: 1 | D11: 25 | E11: =C11*D11 -> 25 | F11: 0.95 | G11: 25 | H11: =F11*G11 -> 23.75 | I11: 1 | J11: 25 | K11: =I11*J11 -> 25 | L11: 1 | M11: 25 | N11: =L11*M11 -> 25
A12: Средняя оценка деятельности муниципальных учреждений: | B12: =SUM(B5:B11)/7 -> 99.392857 | E12: =SUM(E5:E11)/7 -> 25 | H12: =SUM(H5:H11)/7 -> 24.392857 | K12: =SUM(K5:K11)/7 -> 25 | N12: =SUM(N5:N11)/7 -> 25

Sheet Выполнение МЗ
A4: Наименование учреждения | B4: Общая оценка в баллах | C4: Наименование показателей оценки
C5: 4. Выполнение муниципального задания
C6: 4.1. Соблюдение сроков предоставления отчета о выполнении муниципального задания | F6: 4.2. Степень выполнения муниципального задания
C7: оценка | D7: вес | E7: в баллах | F7: оценка | G7: вес | H7: в баллах
A8: 1. МБУ СШОР № 2 г. Ростова-на-Дону | B8: =E8+H8 -> 100 | C8: 1 | D8: 50 | E8: =C8*D8 -> 50 | F8: 1 | G8: 50 | H8: =F8*G8 -> 50
A9: 2. МБУ «СШ № 11» | B9: =E9+H9 -> 100 | C9: 1 | D9: 50 | E9: =C9*D9 -> 50 | F9: 1 | G9: 50 | H9: =F9*G9 -> 50
A10: 3. МБУ «СШ № 12» | B10: =E10+H10 -> 100 | C10: 1 | D10: 50 | E10: =C10*D10 -> 50 | F10: 1 | G10: 50 | H10: =F10*G10 -> 50
A11: 4. МБУ «СШ №13 | B11: =E11+H11 -> 100 | C11: 1 | D11: 50 | E11: =C11*D11 -> 50 | F11: 1 | G11: 50 | H11: =F11*G11 -> 50
A12: 5. МБУ «Гребной канал «Дон» | B12: =E12+H12 -> 100 | C12: 1 | D12: 50 | E12: =C12*D12 -> 50 | F12: 1 | G12: 50 | H12: =F12*G12 -> 50
A13: 6. МБУ «СШ «Боевые перчатки» | B13: =E13+H13 -> 100 | C13: 1 | D13: 50 | E13: =C13*D13 -> 50 | F13: 1 | G13: 50 | H13: =F13*G13 -> 50
A14: 7. МБУ «ЦФКС» | B14: =E14+H14 -> 100 | C14: 1 | D14: 50 | E14: =C14*D14 -> 50 | F14: 1 | G14: 50 | H14: =F14*G14 -> 50
A15: Средняя оценка деятельности муниципальных учреждений: | B15: =SUM(B8:B14)/7 -> 100 | E15: =SUM(E8:E14)/7 -> 50 | H15: =SUM(H8:H14)/7 -> 50

Sheet Причины возникновения остатков
A1: Наименование учреждения | B1: Общая оценка в баллах | C1: Наименование показателей оценки
C2: 5. Причины возникновения остатков по субсидиям на финансовое обеспечение выполнения муниципального задания и на иные цели на конец отчетного года
C3: 5.1.Наличие остатка средств субсидии на финансовое обеспечение выполнения муниципального задания | F3: 5.2. Причины возникновения остатков субсидий на цели не связанные с выполнением муниципального задания
C4: оценка | D4: вес | E4: в баллах | F4: оценка | G4: вес | H4: в баллах
A5: 1. МБУ СШОР № 2 г. Ростова-на-Дону | B5: =E5+H5 -> 100 | C5: 1 | D5: 50 | E5: =C5*D5 -> 50 | F5: 1 | G5: 50 | H5: =F5*G5 -> 50
A6: 2. МБУ «СШ № 11» | B6: =E6+H6 -> 75 | C6: 1 | D6: 50 | E6: =C6*D6 -> 50 | F6: 0.5 | G6: 50 | H6: =F6*G6 -> 25
A7: 3. МБУ «СШ № 12» | B7: =E7+H7 -> 75 | C7: 1 | D7: 50 | E7: =C7*D7 -> 50 | F7: 0.5 | G7: 50 | H7: =F7*G7 -> 25
A8: 4. МБУ «СШ №13 | B8: =E8+H8 -> 75 | C8: 1 | D8: 50 | E8: =C8*D8 -> 50 | F8: 0.5 | G8: 50 | H8: =F8*G8 -> 25
A9: 5. МБУ «Гребной канал «Дон» | B9: =E9+H9 -> 75 | C9: 1 | D9: 50 | E9: =C9*D9 -> 50 | F9: 0.5 | G9: 50 | H9: =F9*G9 -> 25
A10: 6. МБУ «СШ «Боевые перчатки» | B10: =E10+H10 -> 100 | C10: 1 | D10: 50 | E10: =C10*D10 -> 50 | F10: 1 | G10: 50 | H10: =F10*G10 -> 50
A11: 7. МБУ «ЦФКС» | B11: =E11+H11 -> 100 | C11: 1 | D11: 50 | E11: =C11*D11 -> 50 | F11: 1 | G11: 50 | H11: =F11*G11 -> 50
A12: Средняя оценка деятельности муниципальных учреждений: | B12: =SUM(B5:B11)/7 -> 85.714286 | E12: =SUM(E5:E11)/7 -> 50 | H12: =SUM(H5:H11)/7 -> 35.714286

Sheet Доставерность отчетности
A1: Наименование учреждения | B1: Общая оценка в баллах | C1: Наименование показателей оценки
C2: 6. Полнота, достоверность составления и своевременность представления отчетности
C3: 6.1. Соблюдение сроков предоставления муниципальными учреждениями бюджетной и бухгалтерской отчетности | F3: 6.2.Качество предоставленной бюджетной и бухгалтерской отчетности | I3: 6.3. Проведение инвентаризаций
C4: оценка | D4: вес | E4: в баллах | F4: оценка | G4: вес | H4: в баллах | I4: оценка | J4: вес | K4: в баллах
A5: 1. МБУ СШОР № 2 г. Ростова-на-Дону | B5: =E5+H5+K5 -> 100 | C5: 1 | D5: 35 | E5: =C5*D5 -> 35 | F5: 1 | G5: 35 | H5: =F5*G5 -> 35 | I5: 1 | J5: 30 | K5: =I5*J5 -> 30
A6: 2. МБУ «СШ № 11» | B6: =E6+H6+K6 -> 100 | C6: 1 | D6: 35 | E6: =C6*D6 -> 35 | F6: 1 | G6: 35 | H6: =F6*G6 -> 35 | I6: 1 | J6: 30 | K6: =I6*J6 -> 30
A7: 3. МБУ «СШ № 12» | B7: =E7+H7+K7 -> 100 | C7: 1 | D7: 35 | E7: =C7*D7 -> 35 | F7: 1 | G7: 35 | H7: =F7*G7 -> 35 | I7: 1 | J7: 30 | K7: =I7*J7 -> 30
A8: 4. МБУ «СШ №13 | B8: =E8+H8+K8 -> 100 | C8: 1 | D8: 35 | E8: =C8*D8 -> 35 | F8: 1 | G8: 35 | H8: =F8*G8 -> 35 | I8: 1 | J8: 30 | K8: =I8*J8 -> 30
A9: 5. МБУ «Гребной канал «Дон» | B9: =E9+H9+K9 -> 100 | C9: 1 | D9: 35 | E9: =C9*D9 -> 35 | F9: 1 | G9: 35 | H9: =F9*G9 -> 35 | I9: 1 | J9: 30 | K9: =I9*J9 -> 30
A10: 6. МБУ «СШ «Боевые перчатки» | B10: =E10+H10+K10 -> 100 | C10: 1 | D10: 35 | E10: =C10*D10 -> 35 | F10: 1 | G10: 35 | H10: =F10*G10 -> 35 | I10: 1 | J10: 30 | K10: =I10*J10 -> 30
A11: 7. МБУ «ЦФКС» | B11: =E11+H11+K11 -> 100 | C11: 1 | D11: 35 | E11: =C11*D11 -> 35 | F11: 1 | G11: 35 | H11: =F11*G11 -> 35 | I11: 1 | J11: 30 | K11: =I11*J11 -> 30
A12: Средняя оценка деятельности муниципальных учреждений: | B12: =SUM(B5:B11)/7 -> 100 | E12: =SUM(E5:E11)/7 -> 35 | H12: =SUM(H5:H11)/7 -> 35 | K12: =SUM(K5:K11)/7 -> 30

Sheet Качество ведения учетной полити
A1: Наименование учреждения | B1: Общая оценка в баллах | C1: Наименование показателей оценки
C2: 7. Качество ведения учетной политики и управленческого (аналитического) учета
C3: 7.1.Качество распорядительного документа, регламентирующего Учетную политику учреждения | F3: 7.2. Выполнение требований по размещению на официальном сайте в сети Интернет www.bus.gov.ru актуальной информации о муниципальном учреждении
C4: оценка | D4: вес | E4: в баллах | F4: оценка | G4: вес | H4: в баллах
A5: 1. МБУ СШОР № 2 г. Ростова-на-Дону | B5: =H5+E5 -> 100 | C5: 1 | D5: 50 | E5: =C5*D5 -> 50 | F5: 1 | G5: 50 | H5: =F5*G5 -> 50
A6: 2. МБУ «СШ № 11» | B6: =H6+E6 -> 100 | C6: 1 | D6: 50 | E6: =C6*D6 -> 50 | F6: 1 | G6: 50 | H6: =F6*G6 -> 50
A7: 3. МБУ «СШ № 12» | B7: =H7+E7 -> 50 | C7: 1 | D7: 50 | E7: =C7*D7 -> 50 | F7: 0 | G7: 50 | H7: =F7*G7 -> 0
A8: 4. МБУ «СШ №13 | B8: =H8+E8 -> 100 | C8: 1 | D8: 50 | E8: =C8*D8 -> 50 | F8: 1 | G8: 50 | H8: =F8*G8 -> 50
A9: 5. МБУ «Гребной канал «Дон» | B9: =H9+E9 -> 50 | C9: 1 | D9: 50 | E9: =C9*D9 -> 50 | F9: 0 | G9: 50 | H9: =F9*G9 -> 0
A10: 6. МБУ «СШ «Боевые перчатки» | B10: =H10+E10 -> 100 | C10: 1 | D10: 50 | E10: =C10*D10 -> 50 | F10: 1 | G10: 50 | H10: =F10*G10 -> 50
A11: 7. МБУ «ЦФКС» | B11: =H11+E11 -> 50 | C11: 1 | D11: 50 | E11: =C11*D11 -> 50 | F11: 0 | G11: 50 | H11: =F11*G11 -> 0
A12: Средняя оценка деятельности муниципальных учреждений: | B12: =SUM(B5:B11)/7 -> 78.571429 | E12: =SUM(E5:E11)/7 -> 50 | H12: =SUM(H5:H11)/7 -> 28.571429

Sheet Результаты
A1: РЕЗУЛЬТАТЫ мониторинга деятельности муниципальных бюджетных учреждений, подведомственных УФКС города Ростова-на-Дону за 2019 год
A3: Наименование учреждения | B3: Степень качества | C3: Общая оценка в баллах | D3: Направления мониторинга деятельности муниципальных бюджетных учреждений
D4: Состояние финансовой дисциплины | G4: Качество плана финансово-хозяйственной деятельности | J4: Степень выполнения плана финансово-хозяйственной деятельности | M4: Выполнение муниципального задания | P4: Причины возникновения остатков по субсидиям на финансовое обеспечение выполнения муниципального задания и на иные цели на конец отчетного года | S4: Полнота, достоверность составления и своевременность представления отчетности | V4: Качество ведения учетной политики и управленческого (аналитического) учета
D6: оценка | E6: вес | F6: итог | G6: оценка | H6: вес | I6: итог | J6: оценка | K6: вес | L6: итог | M6: оценка | N6: вес | O6: итог | P6: оценка | Q6: вес | R6: итог | S6: оценка | T6: вес | U6: итог | V6: оценка | W6: вес | X6: итог
A7: 1. МБУ СШОР № 2 г. Ростова-на-Дону | B7: II | C7: =F7+I7+L7+O7+R7+U7+X7 -> 87.9625 | D7: ='Состояние фин. дисциплины'!B5 -> 100 | E7: 0.15 | F7: =D7*E7 -> 15 | G7: ='Качество ПФХД'!B5 -> 60 | H7: 0.15 | I7: =G7*H7 -> 9 | J7: ='Качество ПФХД'!B5 -> 60 | K7: 0.15 | L7: =J7*K7 -> 9 | M7: ='Степень выполнения ПФХД'!B5 -> 99.75 | N7: 0.15 | O7: =M7*N7 -> 14.9625 | P7: ='Выполнение МЗ'!B8 -> 100 | Q7: 0.1 | R7: =P7*Q7 -> 10 | S7: ='Доставерность отчетности'!B5 -> 100 | T7: 0.15 | U7: =S7*T7 -> 15 | V7: ='Качество ведения учетной полити'!B5 -> 100 | W7: 0.15 | X7: =V7*W7 -> 15
A8: 2. МБУ «СШ № 11» | B8: II | C8: =F8+I8+L8+O8+R8+U8+X8 -> 85.75 | D8: ='Состояние фин. дисциплины'!B6 -> 85 | E8: 0.15 | F8: =D8*E8 -> 12.75 | G8: ='Качество ПФХД'!B6 -> 60 | H8: 0.15 | I8: =G8*H8 -> 9 | J8: ='Качество ПФХД'!B6 -> 60 | K8: 0.15 | L8: =J8*K8 -> 9 | M8: ='Степень выполнения ПФХД'!B6 -> 100 | N8: 0.15 | O8: =M8*N8 -> 15 | P8: ='Выполнение МЗ'!B9 -> 100 | Q8: 0.1 | R8: =P8*Q8 -> 10 | S8: ='Доставерность отчетности'!B6 -> 100 | T8: 0.15 | U8: =S8*T8 -> 15 | V8: ='Качество ведения учетной полити'!B6 -> 100 | W8: 0.15 | X8: =V8*W8 -> 15
A9: 3. МБУ «СШ № 12» | B9: II | C9: =F9+I9+L9+O9+R9+U9+X9 -> 87.5875 | D9: ='Состояние фин. дисциплины'!B7 -> 100 | E9: 0.15 | F9: =D9*E9 -> 15 | G9: ='Качество ПФХД'!B7 -> 85 | H9: 0.15 | I9: =G9*H9 -> 12.75 | J9: ='Качество ПФХД'!B7 -> 85 | K9: 0.15 | L9: =J9*K9 -> 12.75 | M9: ='Степень выполнения ПФХД'!B7 -> 97.25 | N9: 0.15 | O9: =M9*N9 -> 14.5875 | P9: ='Выполнение МЗ'!B10 -> 100 | Q9: 0.1 | R9: =P9*Q9 -> 10 | S9: ='Доставерность отчетности'!B7 -> 100 | T9: 0.15 | U9: =S9*T9 -> 15 | V9: ='Качество ведения учетной полити'!B7 -> 50 | W9: 0.15 | X9: =V9*W9 -> 7.5
A10: 4. МБУ «СШ №13 | B10: I | C10: =F10+I10+L10+O10+R10+U10+X10 -> 100 | D10: ='Состояние фин. дисциплины'!B8 -> 100 | E10: 0.15 | F10: =D10*E10 -> 15 | G10: ='Качество ПФХД'!B8 -> 100 | H10: 0.15 | I10: =G10*H10 -> 15 | J10: ='Качество ПФХД'!B8 -> 100 | K10: 0.15 | L10: =J10*K10 -> 15 | M10: ='Степень выполнения ПФХД'!B8 -> 100 | N10: 0.15 | O10: =M10*N10 -> 15 | P10: ='Выполнение МЗ'!B11 -> 100 | Q10: 0.1 | R10: =P10*Q10 -> 10 | S10: ='Доставерность отчетности'!B8 -> 100 | T10: 0.15 | U10: =S10*T10 -> 15 | V10: ='Качество ведения учетной полити'!B8 -> 100 | W10: 0.15 | X10: =V10*W10 -> 15
A11: 5. МБУ «Гребной канал «Дон» | B11: II | C11: =F11+I11+L11+O11+R11+U11+X11 -> 69.25 | D11: ='Состояние фин. дисциплины'!B9 -> 85 | E11: 0.15 | F11: =D11*E11 -> 12.75 | G11: ='Качество ПФХД'!B9 -> 30 | H11: 0.15 | I11: =G11*H11 -> 4.5 | J11: ='Качество ПФХД'!B9 -> 30 | K11: 0.15 | L11: =J11*K11 -> 4.5 | M11: ='Степень выполнения ПФХД'!B9 -> 100 | N11: 0.15 | O11: =M11*N11 -> 15 | P11: ='Выполнение МЗ'!B12 -> 100 | Q11: 0.1 | R11: =P11*Q11 -> 10 | S11: ='Доставерность отчетности'!B9 -> 100 | T11: 0.15 | U11: =S11*T11 -> 15 | V11: ='Качество ведения учетной полити'!B9 -> 50 | W11: 0.15 | X11: =V11*W11 -> 7.5
A12: 6. МБУ «СШ «Боевые перчатки» | B12: I | C12: =F12+I12+L12+O12+R12+U12+X12 -> 100 | D12: ='Состояние фин. дисциплины'!B10 -> 100 | E12: 0.15 | F12: =D12*E12 -> 15 | G12: ='Качество ПФХД'!B10 -> 100 | H12: 0.15 | I12: =G12*H12 -> 15 | J12: ='Качество ПФХД'!B10 -> 100 | K12: 0.15 | L12: =J12*K12 -> 15 | M12: ='Степень выполнения ПФХД'!B10 -> 100 | N12: 0.15 | O12: =M12*N12 -> 15 | P12: ='Выполнение МЗ'!B13 -> 100 | Q12: 0.1 | R12: =P12*Q12 -> 10 | S12: ='Доставерность отчетности'!B10 -> 100 | T12: 0.15 | U12: =S12*T12 -> 15 | V12: ='Качество ведения учетной полити'!B10 -> 100 | W12: 0.15 | X12: =V12*W12 -> 15
A13: 7. МБУ «ЦФКС» | B13: II | C13: =F13+I13+L13+O13+R13+U13+X13 -> 73.5625 | D13: ='Состояние фин. дисциплины'!B11 -> 85 | E13: 0.15 | F13: =D13*E13 -> 12.75 | G13: ='Качество ПФХД'!B11 -> 45 | H13: 0.15 | I13: =G13*H13 -> 6.75 | J13: ='Качество ПФХД'!B11 -> 45 | K13: 0.15 | L13: =J13*K13 -> 6.75 | M13: ='Степень выполнения ПФХД'!B11 -> 98.75 | N13: 0.15 | O13: =M13*N13 -> 14.8125 | P13: ='Выполнение МЗ'!B14 -> 100 | Q13: 0.1 | R13: =P13*Q13 -> 10 | S13: ='Доставерность отчетности'!B11 -> 100 | T13: 0.15 | U13: =S13*T13 -> 15 | V13: ='Качество ведения учетной полити'!B11 -> 50 | W13: 0.15 | X13: =V13*W13 -> 7.5
A14: Средняя оценка деятельности муниципальных учреждений: | C14: =SUM(C7:C13)/7 -> 86.301786 | D14: =SUM(D7:D13)/7 -> 93.571429 | E14: =SUM(E7:E13)/7 -> 0.15 | F14: =SUM(F7:F13)/7 -> 14.035714 | G14: =SUM(G7:G13)/7 -> 68.571429 | H14: =SUM(H7:H13)/7 -> 0.15 | I14: =SUM(I7:I13)/7 -> 10.285714 | J14: =SUM(J7:J13)/7 -> 68.571429 | ... X14: =SUM(X7:X13)/7 -> 11.785714
A17: Начальник Управления по физической культуре и спорту города Ростова-на-Дону | Q17: Д.А. Браславский

Sheet Лист1

Sheet Лист2

Sheet Лист3
